 Dungeon Crawl Stone Soup version 0.29-a0-666-g26d293caef (webtiles) character file.

Game seed: 2530297176357119018

409 Kae the Firebug (level 6, -7/34 HPs)
             Began as a Deep Elf Fire Elementalist on June 23, 2022.
             Mangled by an orc
             ... wielding a +0 flail
              (8 damage)
             ... on level 4 of the Dungeon.
             The game lasted 00:04:41 (5304 turns).

Kae the Firebug (Deep Elf Fire Elementalist)        Turns: 5304, Time: 00:04:42

Health: -7/34      AC:  2    Str:  5    XL:     6   Next: 58%
Magic:  5/14       EV: 13    Int: 22    God:
Gold:   178        SH:  4    Dex: 15    Spells: 0/13 levels left

rFire   . . .      SeeInvis .   (no weapon)
rCold   . . .      Faith    .   m - +0 buckler
rNeg    . . .      Spirit   .   a - +0 robe
rPois   .          Reflect  .   (no helmet)
rElec   .          Harm     .   (no cloak)
rCorr   +          Rampage  .   (no gloves)
Will    .....                   (no boots)
Stlth   ++........              (no amulet)
HPRegen 0.11/turn               R - ring of resist corrosion
MPRegen 0.14/turn               (no ring)

@: no status effects
A: no striking features
a: no special abilities


You were on level 4 of the Dungeon.
You visited 1 branch of the dungeon, and saw 4 of its levels.
You also visited: Sewer.

You collected 249 gold pieces.
You spent 71 gold pieces at shops.


   Skills:
 + Level 1.5 Fighting
 + Level 3.8 Dodging
 - Level 2.4 Stealth
 + Level 1.4 Shields
 + Level 4.3 Spellcasting
 * Level 3.8 Conjurations
 * Level 5.1 Fire Magic


You couldn't memorise any spells.
You knew the following spells:

 Your Spells              Type           Power      Damage    Failure   Level
a - Foxfire               Conj/Fire      96%        2x1d8     2%          1
b - Scorch                Fire           54%        2d7       2%          2
c - Conjure Flame         Conj/Fire      24%        6-21      7%          3
d - Inner Flame           Hex/Fire       15%        N/A       16%         3
e - Flame Wave            Conj/Fire      24%        2d7       22%         4

Your spell library contained the following spells:

 Spells                   Type           Power      Damage    Failure   Level
 Beastly Appendage        Tmut           8%         N/A       14%         1
 Wereblood                Tmut           4%         N/A       22%         2
 Spider Form              Tmut/Pois      4%         N/A       41%         3

Inventory:

Missiles
 b - 8 poisoned darts
 i - 53 stones
 z - a boomerang
Armour
 a - a +0 robe (worn)
 c - a +0 chain mail
   (You found it on level 1 of the Dungeon)
 f - a +0 ring mail
   (You found it on level 3 of the Dungeon)
 h - a +0 plate armour
   (You found it on level 3 of the Dungeon)
 m - a +0 buckler (worn)
   (You found it on level 2 of the Dungeon)
 n - a +0 helmet
   (You found it on level 3 of the Dungeon)
 p - a +0 ring mail
   (You found it on level 3 of the Dungeon)
 v - a +0 pair of gloves
   (You found it on level 4 of the Dungeon)
 w - a +0 robe
   (You found it in a sewer)
 y - a +0 leather armour
   (You found it on level 4 of the Dungeon)
 A - a +0 leather armour
   (You took it off an orc on level 4 of the Dungeon)
Jewellery
 R - a ring of resist corrosion (left hand)
   (You found it on level 1 of the Dungeon)
 S - a +6 ring of strength
   (You found it on level 4 of the Dungeon)
 T - an amulet of faith {!P}
   (You found it on level 4 of the Dungeon)
Scrolls
 g - 2 scrolls of noise {!r}
 l - a scroll of magic mapping {!r}
 r - a scroll of identify {@r1}
 t - a scroll of blinking {!r}
Potions
 d - 3 potions of heal wounds {@q2}
 e - 2 potions of attraction {!q}
 j - a potion of berserk rage {!q}
 k - 2 potions of mutation {!q}
 o - 3 potions of might
 q - 2 potions of haste {@q3}
 s - a potion of invisibility {unknown}
 u - 3 potions of cancellation {unknown}
 x - a potion of curing {unknown}

Dungeon Overview and Level Annotations

Branches:
Dungeon (4/15) Zot: 19360   Sewer (visited)
 Temple: D:4-7

Altars:
Okawaru
Xom

Shops:
D:2 *?(*[

Annotations:
D:1 1 runed translucent door

##.# #.#..#.# #.#.
#.# +.'..#.# #.#<
#.# ####.##'#.#
.>#. #.#
..........# ###.
##.# ####.##'#.#
#. ##.### #.#.)#.#
#. .#...# +.+..#.#
#. #.##†#
##.####v# #. #.
#<...# ......v@#
##.## ## #.##.#
##.####o# #...# #
.## .# #.####
###...#### ## .#
#)#).# #.......##
# .# #.##.#
#.......## # ..
..##.# #.......##
####.#####....####
#..............
#####.#########


You could see an orc (ally target).


Message History

There is an open door here.
Things that are here:
a +0 dagger; a +0 hunting sling; a goblin corpse 😕 HP[+1] MP[+1]
There is an open door here.
An orc and an orc priest come into view. 😎 HP[+6] MP[+3]
Your hp is fully restored (34).
Your mp is fully restored (14).
There are monsters nearby!
There are monsters nearby!
The orc priest shouts!
You hear a shout!
The orc priest mumbles some strange prayers to Beogh against you.
Beogh smites you!
The orc shouts! 😮 HP[-14]
You take 14 damage, and now have 20/34 hp.
MASSIVE DAMAGE!! (PAUSE)
Casting: Foxfire (safe; 2% risk of failure)
Confirm with . or Enter, or press ? or * to list all spells.
You conjure some foxfire!
The foxfire hits the orc.
An orc comes into view. It is wielding a +0 flail.
The foxfire hits the orc. 😮 MP[-1]
You lost 1 mp, and now have 13/14 mp.
Casting: Foxfire (safe; 2% risk of failure)
Confirm with . or Enter, or press ? or * to list all spells.
You conjure some foxfire!
The foxfire hits the orc. x2
You kill the orc! 😮 MP[-1]
You lost 1 mp, and now have 12/14 mp.
Casting: Foxfire (safe; 2% risk of failure)
Confirm with . or Enter, or press ? or * to list all spells.
You conjure some foxfire!
The foxfire hits the orc priest. x2 😮 HP[+1] MP[-1]
You lost 1 mp, and now have 11/14 mp.
Casting: Foxfire (safe; 2% risk of failure)
Confirm with . or Enter, or press ? or * to list all spells.
You conjure some foxfire!
The foxfire hits the orc priest but does no damage.
The foxfire hits the orc priest!
Casting: Foxfire (safe; 2% risk of failure)
Confirm with . or Enter, or press ? or * to list all spells.
You conjure some foxfire!
The orc closely misses you. You block the orc priest's attack.
The foxfire hits the orc priest.
The orc priest calls down the wrath of Beogh upon you.
Pain shoots through your body!
The orc barely misses you. 😮 HP[-1] MP[-1]
You take 1 damage, and now have 20/34 hp.
You lost 1 mp, and now have 10/14 mp.
Casting: Foxfire (safe; 2% risk of failure)
Confirm with . or Enter, or press ? or * to list all spells.
You conjure some foxfire!
The orc closely misses you.
The orc priest hits you with a +0 dagger.
The foxfire hits the orc priest.
You block the orc priest's attack. The orc hits you with a +0 flail.
* * * LOW HITPOINT WARNING * * *
😨 HP[-5] MP[-1]
You take 5 damage, and now have 15/34 hp.
You lost 1 mp, and now have 9/14 mp.
Casting: Foxfire (safe; 2% risk of failure)
Confirm with . or Enter, or press ? or * to list all spells.
Flames lash the orc but do no damage.
The orc hits you with a +0 flail!
* * * LOW HITPOINT WARNING * * *
The orc priest miscasts a cantrip.
The orc closely misses you.
The orc priest hits you but does no damage. 😱 HP[-8] MP[-1]
You take 8 damage, and now have 7/34 hp.
MASSIVE DAMAGE!! (PAUSE)
You lost 1 mp, and now have 8/14 mp.
Unknown command.
Casting: Scorch (safe; 2% risk of failure)
Confirm with . or Enter, or press ? or * to list all spells.
You conjure some foxfire!
The orc misses you. The orc priest closely misses you.
The foxfire hits the orc priest.
You kill the orc priest!
You block the orc's attack. 😱 HP[+1] MP[-1]
You lost 1 mp, and now have 7/14 mp.
Casting: Foxfire (safe; 2% risk of failure)
Confirm with . or Enter, or press ? or * to list all spells.
You conjure some foxfire!
The orc hits you with a +0 flail!
* * * LOW HITPOINT WARNING * * *
The foxfire hits the orc.
The foxfire hits the orc but does no damage.
You block the orc's attack. 😱 HP[-7] MP[-1]
You take 7 damage, and now have 1/34 hp.
MASSIVE DAMAGE!! (PAUSE)
You lost 1 mp, and now have 6/14 mp.
Unknown command.
Casting: Foxfire (safe; 2% risk of failure)
Confirm with . or Enter, or press ? or * to list all spells.
You conjure some foxfire!
The orc hits you with a +0 flail!
You die...

Skill      XL: |  1  2  3  4  5  6 |
---------------+-------------------+-----
Conjurations   | 2 3 |  3.8
Dodging        | 3 |  3.8
Fire Magic     | 4 5 |  5.1
Fighting       | 1 |  1.5
Shields        | 1 |  1.4
Spellcasting   | 4 |  4.3
Stealth        | |  2.4

Action                   |  1- 3 |  4- 6 || total
-------------------------+-------+-------++-------
Melee: Unarmed           |       |     1 ||     1
 Cast: Foxfire           |    79 |    89 ||   168
       Scorch            |       |     9 ||     9
  Use: Scroll            |    12 |     3 ||    15
       Potion            |       |     5 ||     5
Armor: Robe              |     4 |     5 ||     9
Dodge: Dodged            |    29 |    38 ||    67
Block: Buckler           |     1 |    19 ||    20

Levels and vault maps discovered:
D:1:      dpeg_arrival_caged_fury, layout_loops_corners
D:2:      layout_basic, serial_shops, shop, shop_fountains, nicolae_square_shop,
          shop, shop, minmay_misc_feat_nine_boxes
D:3:      layout_basic, okawaru_trees_1, brannock_xom_greatest_gift,
          portal_sewer_entry_e
D:4:      minmay_door_path, layout_loops_ring, kennysheep_cross_bottleneck

Notes
Turn   | Place    | Note
-------+----------+-------------------------------------------
     0 | D:1      | Kae the Deep Elf Fire Elementalist began the quest for the
                  | Orb.
     0 | D:1      | Reached XP level 1. HP: 10/10 MP: 6/6
     0 | D:1      | magus.rc [v1.11.3]
     1 | D:1      | Found a runed translucent door.
   456 | D:1      | Reached XP level 2. HP: 13/15 MP: 5/8
  1087 | D:2      | Found Letirum's Weapon Shoppe.
  1122 | D:2      | Found Gatetuc's Antique Armour Shop.
  1350 | D:2      | Reached skill level 2 in Conjurations
  1350 | D:2      | Reached XP level 3. HP: 20/20 MP: 5/9
  1365 | D:2      | Learned a level 2 spell: Scorch
  1369 | D:2      | Learned a level 3 spell: Conjure Flame
  1833 | D:2      | Found Ysimebal's Assorted Antiques.
  1882 | D:2      | Bought a bubbling yellow potion for 22 gold pieces
  1882 | D:2      | Bought a scroll labelled BIFONA FICS for 25 gold pieces
  2121 | D:2      | Reached skill level 3 in Dodging
  2383 | D:2      | Found Aveiz's General Store.
  2401 | D:2      | Bought a scroll of identify for 24 gold pieces
  2521 | D:2      | Found Dijewiri's Magic Scroll Emporium.
  2841 | D:3      | Found a shimmering altar of Xom.
  2850 | D:3      | Reached skill level 4 in Fire Magic
  2850 | D:3      | Reached XP level 4. HP: 24/24 MP: 8/11
  3010 | D:3      | Found an iron altar of Okawaru.
  3072 | D:3      | Found a glowing drain.
  3102 | Sewer    | Entered a sewer
  3142 | Sewer    | Noticed a kobold brigand
  3142 | Sewer    | Noticed a kobold brigand
  3156 | Sewer    | HP: 6/24 [kobold brigand/+0 club (4)]
  3159 | Sewer    | Killed a kobold brigand
  3160 | Sewer    | Reached skill level 1 in Fighting
  3160 | Sewer    | Reached XP level 5. HP: 29/29 MP: 9/12
  3162 | Sewer    | Reached skill level 1 in Shields
  3162 | Sewer    | Reached skill level 3 in Conjurations
  3270 | Sewer    | Reached skill level 4 in Spellcasting
  3278 | Sewer    | Learned a level 3 spell: Inner Flame
  3510 | Sewer    | Reached XP level 6. HP: 19/34 MP: 8/14
  3907 | D:3      | Learned a level 4 spell: Flame Wave
  4507 | D:4      | HP: 1/33 [ogre/+0 giant club (32)]
  5039 | D:4      | You pick up a book of Changes and begin reading...
  5039 | D:4      | You add the spells Beastly Appendage, Wereblood and Spider
                  | Form to your library.
  5225 | D:4      | Reached skill level 5 in Fire Magic
  5298 | D:4      | HP: 7/34 [orc/+0 flail (8)]
  5302 | D:4      | HP: 1/34 [orc/+0 flail (7)]
  5304 | D:4      | Mangled by an orc

Vanquished Creatures
  3 kobold brigands (Sewer)
  A hound (D:4)
  An orc priest (D:4)
  5 adders
  2 dart slugs
  6 orcs (D:4)
  8 ball pythons
  8 bats
  5 endoplasms
  5 giant cockroaches
  4 goblins
  6 hobgoblins
  5 jackals (D:2)
  5 quokkas
  6 frilled lizards
  19 kobolds
  8 rats
97 creatures vanquished.

Vanquished Creatures (others)
  283 foxfires
  3 plants (Sewer)
286 creatures vanquished.

Grand Total: 383 creatures vanquished

Table legend:
 A = Non-vault XP
 B = Vault XP
 C = Vault XP percentage of total XP
 D = Non-vault monster count
 E = Vault monster count
 F = Vault count percentage of total count
                 A         B        C        D         E       F
            +---------+---------+-------+---------+---------+-------
      Total |     264 |     321 |  54.9 |      65 |      32 |  33.0
            +---------+---------+-------+---------+---------+-------
        D:1 |      18 |       0 |   0.0 |      10 |       0 |   0.0
        D:2 |      68 |       0 |   0.0 |      26 |       0 |   0.0
        D:3 |      39 |      10 |  20.4 |       9 |       8 |  47.1
        D:4 |     139 |       4 |   2.8 |      20 |       2 |   9.1
      Sewer |       0 |     307 | 100.0 |       0 |      22 | 100.0
            +---------+---------+-------+---------+---------+-------

Illustrated notes

Table legend:
 A = Kills in this place as a percentage of kills in entire the game.
 B = Kills by you in this place as a percentage of kills by you in the entire game.
 C = Kills by friends in this place as a percentage of kills by friends in the entire game.
 D = Other kills in this place as a percentage of other kills in the entire game.
 E = Experience gained in this place as a percentage of experience gained in the entire game.
 F = Experience gained in this place divided by the number of levels of this place that you have seen.
                   A       B       C       D       E      F
               +-------+-------+-------+-------+-------+----------------------
         Total | 100.0 | 100.0 |   N/A |   N/A | 100.0 | 117.0
       Dungeon |  77.3 |  77.3 |   N/A |   N/A |  47.5 |  69.5
         Sewer |  22.7 |  22.7 |   N/A |   N/A |  52.5 | 307.0
               +-------+-------+-------+-------+-------+----------------------

Table legend: (Time is in decaauts)
 A = Elapsed time spent in this place.
 B = Non-inter-level travel time spent in this place.
 C = Inter-level travel time spent in this place.
 D = Time resting spent in this place.
 E = Time spent auto-exploring this place.
 F = Levels seen in this place.
 G = Mean time per level.
                   A        B        C        D        E       F      G
               +--------+--------+--------+--------+--------+-----+--------+
         Total |   5315 |   5145 |    170 |    120 |   4344 |   5 | 1063.0 |
       Dungeon |   4638 |   4468 |    170 |     17 |   3899 |   4 | 1159.5 |
         Sewer |    677 |    677 |      0 |    103 |    445 |   1 |  677.0 |
               +--------+--------+--------+--------+--------+-----+--------+

Top non-repeatable levels by time:
     D:2: 1532 daAuts
     D:3: 1169 daAuts
     D:1: 1087 daAuts
     D:4: 850 daAuts
   Sewer: 677 daAuts
